 Dungeon Crawl Stone Soup version 0.30-a0-779-g7971cf19c3 (webtiles) character file.

Game seed: 10523272783666171974

159 avis the Shooter (level 4, 0/36 HPs)
             Began as a Demigod Hunter on Feb 18, 2023.
             Killed from afar by an orc wizard (9 damage)
             ... with a puff of flame
             ... on level 3 of the Dungeon.
             The game lasted 00:09:38 (2148 turns).

avis the Shooter (Demigod Hunter)                   Turns: 2148, Time: 00:09:38

Health: 0/36       AC:  5    Str: 18    XL:     4   Next: 95%
Magic:  0/6        EV: 12    Int: 11    God:
Gold:   252        SH:  0    Dex: 21    Spells: 3/3 levels left

rFire   . . .      SeeInvis .    b - +0 shortbow
rCold   . . .      Faith    .    (shield currently unavailable)
rNeg    . . .      Spirit   +    c - +0 leather armour
rPois   +          Reflect  .    (no helmet)
rElec   .          Harm     .    n - +1 cloak {Stlth+}
rCorr   .          Rampage  .    (no gloves)
Will    .....                    (no boots)
Stlth   +++                      h - amulet of guardian spirit
HPRegen 0.26/turn                q - ring of poison resistance
MPRegen 0.10/turn                j - +6 ring of strength

@: no status effects
A: high MP 1, forlorn, divine attributes
a: no special abilities


You were on level 3 of the Dungeon.
You visited 1 branch of the dungeon, and saw 3 of its levels.

You collected 252 gold pieces.

Inventory:

Hand Weapons
 a - a +0 short sword
 b - a +0 shortbow (weapon)
 f - a +0 dagger
Armour
 c - a +0 leather armour (worn)
 i - an orb of energy
 n - a +1 cloak of stealth (worn)
 v - a +0 kite shield
 w - a scarf of repulsion
Jewellery
 h - an amulet of guardian spirit (around neck)
 j - a +6 ring of strength (right hand)
 q - a ring of poison resistance (left hand)
Scrolls
 d - a scroll of blinking {unknown}
 l - 3 scrolls of identify {unknown}
 o - 2 scrolls of fear {unknown}
 p - 2 scrolls of teleportation {unknown}
 t - 2 scrolls of immolation
 y - a scroll of amnesia {unknown}
Potions
 e - a potion of ambrosia
 g - a potion of mutation {unknown}
 k - a potion of flight {unknown}
 m - a potion of degeneration {unknown}
 r - 3 potions of curing {unknown}
 s - 2 potions of heal wounds {unknown}
 u - a potion of might {unknown}
 x - a potion of haste {unknown}


   Skills:
 - Level 2.0 Fighting
 * Level 5.5 Ranged Weapons
 - Level 2.0 Dodging
 - Level 2.0 Stealth


You had 3 spell levels left.
You didn't know any spells.
Your spell library was empty.

Dungeon Overview and Level Annotations

Branches:
Dungeon (3/15)


Innate Abilities, Weirdness & Mutations

You have an increased reservoir of magic. (+10% MP)
You shall have no god before yourself.
Your divine heritage dramatically boosts your attributes as you level up.


Message History

Something hits you.
You hear a shout!
Fire: b) +0 shortbow
Press: ? - help, Q - select action Shift-Dir - straight line You shoot an arrow.
Something hits you but does no damage.
Fire: b) +0 shortbow
Press: ? - help, Q - select action Shift-Dir - straight line You shoot an arrow.
You hear some strange, mumbled words.
A magic dart appears from out of thin air!
The magic dart hits you!
Fire: b) +0 shortbow
Press: ? - help, Q - select action Shift-Dir - straight line You shoot an arrow.
Reactivating autopickup.
You feel a bit more experienced. Something hits you but does no damage.
Deactivating autopickup; reactivate with Ctrl-A.
You hear some strange, mumbled words.
You hear a shout!
Fire: b) +0 shortbow
Press: ? - help, Q - select action Shift-Dir - straight line You shoot an arrow.
An orc wizard appears from thin air!
Reactivating autopickup.
The orc wizard misses you.
You hear some strange, mumbled words.
A puff of flame appears from out of thin air!
Deactivating autopickup; reactivate with Ctrl-A.
The puff of flame hits you.
* * * LOW HITPOINT WARNING * * *
Fire: b) +0 shortbow
Press: ? - help, Q - select action Shift-Dir - straight line, f - orc wizard
Aim: an orc wizard, wielding a +0 dagger and wearing a +0 robe (almost dead, confused, 78% to hit)
You shoot an arrow. The arrow hits the orc wizard!
You kill the orc wizard!
You hear some strange, mumbled words.
A puff of flame appears from out of thin air!
The puff of flame hits you!
You die...

..........#.o ... ..#......# ..
......######'###'###'##......#...
......# #...........######.#...
..###.# #....⌠.⌠....# .#... ).#
#.# #....⌠....# .#... .## #.#
#..⌠.⌠..# ... ## #.# #.){..# ..
#####'## #{# .#.....# #####@#
.#.....# #.....# .#.....# #....##
.'.....# #....#
##.....#####....####
.'.....'........'..'.
##.[...##.......####.
########.......# ########.......#


There were no monsters in sight!

Vanquished Creatures
  An iguana (D:3)
  5 orc wizards (D:3)
  An adder (D:2)
  A worm (D:3)
  A dart slug (D:2)
  2 giant cockroaches
  9 goblins
  2 hobgoblins
  4 jackals (D:1)
  6 kobolds
  A quokka (D:1)
  5 ball pythons
  A bat (D:1)
  2 frilled lizards (D:1)
  6 rats
47 creatures vanquished.

Notes
Turn   | Place    | Note
-------+----------+-------------------------------------------
     0 | D:1      | avis the Demigod Hunter began the quest for the Orb.
     0 | D:1      | Reached XP level 1. HP: 17/17 MP: 3/3
   386 | D:1      | Reached skill level 4 in Ranged Weapons
   437 | D:1      | Reached XP level 2. HP: 24/24 MP: 4/4
  1394 | D:2      | Reached XP level 3. HP: 29/29 MP: 5/5
  1996 | D:3      | Reached skill level 5 in Ranged Weapons
  1996 | D:3      | Reached skill level 1 in Stealth
  2127 | D:3      | Reached XP level 4. HP: 27/36 MP: 6/6
  2148 | D:3      | Killed from afar by an orc wizard

Illustrated notes

Levels and vault maps discovered:
D:1:      elethiomel_arrival_maze, layout_loops_ring
D:2:      layout_basic, corexii_item_surrounded_by_moat
D:3:      layout_basic, palyth_temple_overflow_mages, amcnicky_altar_gilded,
          serial_shops, nicolae_lakefront_shop

Skill      XL: |  1  2  3 |
---------------+----------+-----
Fighting       | 2 |  2.0
Ranged Weapons | 4 5 |  5.5
Dodging        | 2 |  2.0
Stealth        | 2 |  2.0

Action                     |  1- 3 |  4- 6 || total
---------------------------+-------+-------++-------
   Fire: Shortbow          |   115 |    11 ||   126
    Use: Potion            |     1 |     1 ||     2
 Armour: Leather armour    |    21 |     6 ||    27
  Dodge: Dodged            |    39 |     2 ||    41

Table legend: (Time is in decaauts)
 A = Elapsed time spent in this place.
 B = Non-inter-level travel time spent in this place.
 C = Inter-level travel time spent in this place.
 D = Time resting spent in this place.
 E = Time spent auto-exploring this place.
 F = Levels seen in this place.
 G = Mean time per level.
                   A        B        C        D        E       F      G
               +--------+--------+--------+--------+--------+-----+--------+
         Total |   2188 |   1923 |    265 |    189 |   1229 |   3 |  729.3 |
       Dungeon |   2188 |   1923 |    265 |    189 |   1229 |   3 |  729.3 |
               +--------+--------+--------+--------+--------+-----+--------+

Top non-repeatable levels by time:
     D:1: 1073 daAuts
     D:2: 767 daAuts
     D:3: 347 daAuts
